 Dungeon Crawl Stone Soup version 0.19-a0-1008-g4c63d25 (webtiles) character file.

436 epen the Chopper (level 7, 0/85 HPs)
             Began as a Hill Orc Warper on July 22, 2016.
             Slain by an elf zombie (4 damage)
             ... in an ossuary.
             The game lasted 00:08:54 (5332 turns).

epen the Chopper (Hill Orc Warper)                  Turns: 5332, Time: 00:08:55

Health: 0/85       AC:  5    Str: 24    XL:     7   Next: 1%
Magic:  10/10      EV: 12    Int: 13    God:
Gold:   233        SH:  0    Dex: 10    Spells: 3 memorised, 5 levels left

rFire  . . .     SeeInvis .     a - +0 hand axe
rCold  . . .     Gourm    .     b - +0 leather armour
rNeg   . . .     Faith    .     (no shield)
rPois  .         Spirit   .     (no helmet)
rElec  .         Dismiss  .     l - +1 cloak
rCorr  .         Reflect  .     (no gloves)
SustAt .         Harm     .     (no boots)
MR     .....     Clarity  +     (no amulet)
Stlth  ..........               k - +3 ring of strength
                                p - ring of wizardry

@: berserking (expiring), very quick, not resistant to hostile enchantments,
extremely unstealthy
A: clarity
a: no special abilities


You were in an ossuary.
You were hungry.

You visited 1 branch of the dungeon, and saw 4 of its levels.
You also visited: Ossuary.

You collected 233 gold pieces.

Inventory:

Hand Weapons
 a - a +0 hand axe (weapon)
 i - a cursed -1 dagger
Missiles
 e - 5 tomahawks of dispersal (quivered)
Armour
 b - a +0 leather armour (worn)
 l - a +1 cloak (worn)
Jewellery
 k - a +3 ring of strength (right hand)
 p - a ring of wizardry (left hand)
Wands
 t - a wand of polymorph (9/24)
Scrolls
 d - a scroll of blinking
 g - a scroll of fog
Potions
 j - a potion of brilliance
 m - a potion of might {unknown}
 n - a potion of heal wounds {unknown}
 q - a potion of invisibility {unknown}
 s - a potion of flight
 u - a potion of ambrosia {unknown}
Books
 c - a book of Spatial Translocations

   Spells                             Type                      Level
   a - Apportation                    Translocation                1
   b - Blink                          Translocation                2
   c - Shroud of Golubria             Charms/Translocation         2
   d - Portal Projectile              Translocation                3
   e - Teleport Other                 Translocation                3
   f - Passage of Golubria            Translocation                4
Comestibles
 f - 3 bread rations
 h - a meat ration
 r - a beef jerky


   Skills:
 + Level 3.6 Fighting
 * Level 4.3 Axes
 - Level 1.3 Throwing
 + Level 2.7 Armour
 + Level 2.7 Dodging
 + Level 2.6 Spellcasting
 * Level 3.7 Translocations


You had 5 spell levels left.
You knew the following spells:

 Your Spells              Type           Power        Failure   Level  Hunger
a - Apportation           Tloc           ##........   4%          1    #......
b - Blink                 Tloc           N/A          4%          2    ###....
c - Teleport Other        Tloc           ##......     9%          3    ###....


Dungeon Overview and Level Annotations

Branches:
Dungeon (4/15)
 Temple: D:4-7

Altars:
Ashenzari
Gozag
Nemelex Xobeh
Sif Muna
Xom
Zin

Shops:
D:3 *

Annotations:
D:2 Crazy Yiuf Ossuary sergedm's ghost, amateur DECj


Innate Abilities, Weirdness & Mutations

You possess an exceptional clarity of mind.


Message History

Sergedm's ghost casts a spell at you. The magic dart hits you!
* * * LOW HITPOINT WARNING * * *
The elf zombie barely misses you.
You miss sergedm's ghost.
Sergedm's ghost is heavily damaged.
You hit the elf zombie.
Sergedm's ghost points at you and mumbles some strange words.
The magic dart hits you!
* * * LOW HITPOINT WARNING * * *
You closely miss sergedm's ghost.
Sergedm's ghost is heavily damaged.
You hit the elf zombie. The elf zombie hits you.
* * * LOW HITPOINT WARNING * * *
Sergedm's ghost hits you but does no damage.
Unknown command.
You closely miss sergedm's ghost.
Sergedm's ghost is heavily damaged.
You slash the elf zombie! The elf zombie hits you.
You die...

######################
#........∩..∩........#
#..............@W....#
#......########.Z....#
#...####Z...'.####...#
#..##.......#..#.##..#
#..#∩.#####Z####..'..#
#..## #...W..##..#
#...#### #...####...#
#......########......#
#....................#


You could see sergedm's ghost and an elf zombie.

Vanquished Creatures
  An elf zombie (Ossuary)
  A centaur zombie (Ossuary)
  Terence (D:2)
  2 big kobold zombies (Ossuary)
  3 hound zombies (Ossuary)
  2 mummies (Ossuary)
  7 adders
  2 oozes
  An adder skeleton (D:4)
  A worm (D:3)
  4 dart slugs
  4 giant geckos
  2 orcs (D:3)
  3 ball pythons
  6 giant cockroaches
  6 goblins
  6 hobgoblins
  20 jackals
  2 quokkas
  11 bats
  4 giant newts
  3 gnoll zombies
  A goblin zombie (Ossuary)
  3 hobgoblin zombies (Ossuary)
  A jackal zombie (Ossuary)
  5 kobolds
  4 kobold zombies (Ossuary)
  2 orc zombies (Ossuary)
  4 quokka zombies (Ossuary)
  6 rats
  7 rat zombies (Ossuary)
  A fungus (D:3)
126 creatures vanquished.

Notes
Turn   | Place    | Note
-------+----------+-------------------------------------------
     0 | D:1      | epen the Hill Orc Warper began the quest for the Orb.
     0 | D:1      | Reached XP level 1. HP: 18/18 MP: 3/3
    16 | D:1      | Reached skill level 1 in Throwing
    56 | D:1      | Reached XP level 2. HP: 18/25 MP: 4/4
   506 | D:1      | Learned a level 2 spell: Blink
   804 | D:1      | Reached XP level 3. HP: 31/31 MP: 5/5
   820 | D:1      | Reached skill level 3 in Axes
  1548 | D:2      | Noticed Terence
  1567 | D:2      | Killed Terence
  1567 | D:2      | Reached XP level 4. HP: 38/38 MP: 5/7
  1668 | D:2      | Found a runed door.
  1990 | D:2      | Learned a level 3 spell: Teleport Other
  2000 | D:2      | Found a shimmering altar of Xom.
  2075 | D:2      | Found a shattered altar of Ashenzari.
  2218 | D:2      | Noticed Crazy Yiuf
  2468 | D:3      | Reached XP level 5. HP: 39/45 MP: 8/8
  2594 | D:3      | Found a deep blue altar of Sif Muna.
  2806 | D:3      | Found Zin's Purification Station.
  3115 | D:3      | Found a glowing silver altar of Zin.
  3522 | D:3      | Found an opulent altar of Gozag.
  3690 | D:3      | Found a sparkling altar of Nemelex Xobeh.
  3861 | D:4      | Noticed an ogre
  3948 | D:4      | Noticed a phantom
  4007 | D:4      | Found a sand-covered staircase.
  4022 | Ossuary  | Entered an ossuary
  4032 | Ossuary  | Noticed sergedm's ghost (amateur DECj)
  4300 | Ossuary  | Gained mutation: You possess an exceptional clarity of mind. [potion of beneficial mutation]
  4340 | Ossuary  | Reached XP level 6. HP: 18/51 MP: 9/9
  4460 | Ossuary  | Reached skill level 4 in Axes
  5279 | Ossuary  | Reached XP level 7. HP: 52/57 MP: 10/10
  5331 | Ossuary  | HP: 4/85 [elf zombie (4)]
  5332 | Ossuary  | Slain by an elf zombie

Vault maps used:
D:1:      minmay_arrival_four_houses, minmay_bisected
D:2:      nicolae_overflow_hidden_temple, lemuel_doored_altar, first_bread,
          uniq_crazy_yiuf_cottage, uniq_terence
D:3:      zin_purify, led_sif_book, nicolae_overflow_crystal_walls,
          minmay_gold_behind_fungi, nemelex_dance_club_becter
D:4:      gup_sewer_entry_glass, enter_ossuary_3, serial_shops,
          nicolae_shop_trees
Ossuary:  minmay_ossuary_two_tombs

Skill      XL: |  1  2  3  4  5  6 |
---------------+-------------------+-----
Throwing       | 1 |  1.3
Fighting       | 3 |  3.6
Axes           | 3 4 |  4.3
Spellcasting   | 2 |  2.6
Dodging        | 2 |  2.7
Translocations | 3 |  3.7
Armour         | 2 |  2.7

Action                   |  1- 3 |  4- 6 |  7- 9 || total
-------------------------+-------+-------+-------++-------
Melee: Hand axe          |   131 |   404 |    16 ||   551
       Unarmed           |     7 |     1 |       ||     8
 Cast: Apportation       |     1 |       |       ||     1
       Teleport Other    |       |     3 |       ||     3
  Use: Scroll            |       |     8 |       ||     8
       Potion            |       |     2 |     1 ||     3
 Stab: Confused          |     1 |       |       ||     1
  Eat: Chunk             |     2 |     8 |       ||    10
       Beef jerky        |       |     2 |       ||     2
       Pizza             |       |     1 |       ||     1
Armor: Leather armour    |    41 |   123 |     5 ||   169
       Skin              |       |     2 |       ||     2
Dodge: Dodged            |    97 |   278 |     3 ||   378
